 Dungeon Crawl Stone Soup version 0.31-a0-182-gc5ef74bbde (webtiles) character file.

Game seed: 14814721633614400970

42 frimble the Ruffian (level 3, -1/24 HPs)
             Began as an Octopode Warper on June 21, 2023.
             Slain by a scorpion (2 damage)
             ... on level 3 of the Dungeon.
             The game lasted 00:01:47 (1465 turns).

frimble the Ruffian (Octopode Warper)               Turns: 1465, Time: 00:01:47

Health: -1/24      AC:  5    Str: 12    XL:     3   Next: 56%
Magic:  6/6        EV: 12    Int: 21    God:
Gold:   34         SH:  5    Dex: 11    Spells: 4/6 levels left

rFire   + .          .
                       - Unarmed
rCold   + . .        c - +2 buckler {reflect}
rNeg    . . .        (helmet restricted)
rPois   +            (no amulet)
rElec   +            d - +6 ring of intelligence
rCorr   +            f - +4 ring of protection
SInv    .            (no ring)
Will    .....        (no ring)
Stlth   ++           (no ring)
HPRegen 0.24/turn    (no ring)
MPRegen 0.10/turn    (no ring)
                     (no ring)

%: reflection
@: lethally poisoned (-1 -> -16), resistant
A: almost no armour, amphibious, 8 rings, camouflage 1, gelatinous body 1,
(nimble swimmer 1), tentacles
a: no special abilities


You were on level 3 of the Dungeon.
You visited 1 branch of the dungeon, and saw 3 of its levels.

You collected 34 gold pieces.

Inventory:

Missiles
 b - 7 boomerangs of dispersal (quivered)
Armour
 c - a +2 buckler of reflection (worn)
Jewellery
 d - a +6 ring of intelligence (left tentacle)
 f - a +4 ring of protection (right tentacle)
Scrolls
 a - 2 scrolls of blinking
 h - a scroll of butterflies {unknown}
Potions
 g - a potion of brilliance


   Skills:
 - Level 2.0 Fighting
 - Level 1.0 Throwing
 - Level 2.3 Dodging
 + Level 1.5 Shields
 + Level 3.3 Unarmed Combat
 - Level 2.0 Spellcasting
 - Level 3.0 Translocations


You had 4 spell levels left.
You knew the following spells:

 Your Spells              Type           Power      Damage    Failure   Level
a - Blink                 Tloc           28%        N/A       9%          2

Your spell library contained the following spells:

 Spells                   Type           Power      Damage    Failure   Level
 Lesser Beckoning         Tloc           28%        N/A       9%          2
 Teleport Other           Tloc           14%        N/A       19%         3
 Vhi's Electric Charge    Tloc/Air       16%        N/A       32%         3
 Manifold Assault         Tloc           14%        N/A       52%         4


Dungeon Overview and Level Annotations

Branches:
Dungeon (3/15)

Altars:


Innate Abilities, Weirdness & Mutations

You cannot wear most types of armour.
You are amphibious.
You can wear up to eight rings at the same time.
Your skin changes colour to match your surroundings (Stealth+).
Your rubbery body absorbs attacks. (AC +1, EV +1)
((You are camouflaged when in or above water. (Stealth+)))
You have tentacles for arms and can constrict up to eight enemies at once.


Message History

The scorpion is moderately wounded.
You block the scorpion's attack.
You tentacle-slap the scorpion. You grab the scorpion.
The scorpion is moderately wounded.
You constrict the scorpion, but do no damage.
The scorpion stings you.
You are poisoned.
The scorpion poisons you! The scorpion barely misses you.
You are too injured to fight recklessly!
You are too injured to fight recklessly!
You are too injured to fight recklessly!
You are too injured to fight recklessly!
You are too injured to fight recklessly!
You are too injured to fight recklessly!
You are too injured to fight recklessly!
You are too injured to fight recklessly!
You tentacle-slap the scorpion but do no damage.
You squeeze the scorpion, but do no damage.
The scorpion is moderately wounded.
You constrict the scorpion.
You feel very sick. The scorpion stings you.
You are lethally poisoned!
The scorpion poisons you!
Okay, then.
Unknown command.
You tentacle-slap the scorpion but do no damage.
You squeeze the scorpion!
The scorpion is almost dead.
You constrict the scorpion.
* * * LOW HITPOINT WARNING * * *
You feel very sick. The scorpion closely misses you.
It was a potion of resistance.
You feel protected.
You constrict the scorpion.
* * * LOW HITPOINT WARNING * * *
You feel very sick. The scorpion stings you.
You die...

####....####
...........######
.................
####.......#####.
#.........#
#.##....####
###.##.........
#..........####
#.s@##.#....#
.......###.#..#.#
...##.. .....#.#
.. ...# .####.#..
#### .. # #.


You could see a scorpion.

Vanquished Creatures
  An adder (D:2)
  A worm (D:2)
  A dart slug (D:2)
  4 endoplasms
  3 goblins
  3 hobgoblins (D:2)
  3 jackals (D:1)
  A kobold (D:3)
  2 ball pythons (D:1)
  3 bats
  A frilled lizard (D:3)
  A rat (D:1)
24 creatures vanquished.

Notes
Turn   | Place    | Note
-------+----------+-------------------------------------------
     0 | D:1      | frimble the Octopode Warper began the quest for the Orb.
     0 | D:1      | Reached XP level 1. HP: 14/14 MP: 3/3
   276 | D:1      | Reached XP level 2. HP: 15/19 MP: 5/5
   279 | D:1      | Learned a level 2 spell: Blink
   313 | D:1      | Identified a scroll of acquirement
   313 | D:1      | Acquired a +2 buckler of reflection
   947 | D:2      | Reached skill level 1 in Shields
   979 | D:2      | Reached XP level 3. HP: 24/24 MP: 6/6
  1457 | D:3      | Noticed a scorpion
  1465 | D:3      | HP: 1/24 [poisoned by a scorpion]
  1465 | D:3      | Slain by a scorpion

Illustrated notes

Levels and vault maps discovered:
D:1:      reono_arrival_forest_river, layout_loops_ring, nicolae_titane
D:2:      layout_loops_ring, hex_large, st_stairs_8
D:3:      layout_rooms, nicolae_overflow_hidden_temple, lightli_corner_chamber,
          uniq_sigmund

Skill      XL: |  1  2 |
---------------+-------+-----
Shields        | 1 |  1.5
Unarmed Combat | 3 |  3.3
Fighting       | |  2.0
Throwing       | |  1.0
Dodging        | |  2.3
Spellcasting   | |  2.0
Translocations | |  3.0

Action                     || total
---------------------------++-------
  Melee: Unarmed           ||    62
         Constrict         ||    13
         Tentacles         ||    13
    Use: Scroll            ||     3
         Potion            ||     1
   Stab: Sleeping          ||     5
 Armour: Skin              ||     9
  Dodge: Dodged            ||    37
  Block: Buckler           ||     3

Table legend: (Time is in decaauts)
 A = Elapsed time spent in this place.
 B = Non-inter-level travel time spent in this place.
 C = Inter-level travel time spent in this place.
 D = Time resting spent in this place.
 E = Time spent auto-exploring this place.
 F = Levels seen in this place.
 G = Mean time per level.
                   A        B        C        D        E       F      G
               +--------+--------+--------+--------+--------+-----+--------+
         Total |   1461 |   1413 |     48 |      0 |   1220 |   3 |  487.0 |
       Dungeon |   1461 |   1413 |     48 |      0 |   1220 |   3 |  487.0 |
               +--------+--------+--------+--------+--------+-----+--------+

Top non-repeatable levels by time:
     D:1: 857 daAuts
     D:2: 576 daAuts
     D:3: 28 daAuts
